 Dungeon Crawl Stone Soup version 0.19-b1-4-gd8a0a2a (webtiles) character file.

407472 tv1990 the Severer (level 24, -2/197 HPs)
             Began as a Formicid Monk on Oct 30, 2016.
             Was the Champion of Okawaru.
             Killed from afar by a fire dragon (illusionary) (34 damage)
             ... with a blast of flame
             ... on level 1 of the Depths.
             The game lasted 03:34:20 (46026 turns).

tv1990 the Severer (Formicid Monk)                 Turns: 46026, Time: 03:34:21

Health: -2/197     AC: 34    Str: 28    XL:     24   Next: 56%
Magic:  35/35      EV: 25    Int: 12    God:    Okawaru [******]
Gold:   1872       SH: 26    Dex: 26    Spells: 5 memorised, 26 levels left

rFire  . . .     SeeInvis +     n - +9 battleaxe (vamp)
rCold  + . .     Gourm    .     A - +7 pearl dragon scales "Numior" {+Blink rPois rN+ Regen+}
rNeg   + . .     Faith    .     M - +1 large shield {rC+}
rPois  +         Spirit   .     (helmet unavailable)
rElec  .         Reflect  +     x - +0 cloak {MR+}
rCorr  .         Harm     .     L - +2 pair of gloves {Str+3}
MR     +++++                    j - +2 pair of boots {Fly}
Stlth  +.........               W - amulet of Greater Demons {Reflect *Contam +Blink Str+7 SH+3}
                                v - +5 ring of dexterity
                                F - ring of the Two Names {Wiz MR+}

@: finesse, flying, studying 2 skills
A: permanent stasis, dig shafts and tunnels, four strong arms, antennae 3, magic
resistance 1
a: Dig, Shaft Self, Heroism, Finesse, Renounce Religion, Stop Flying
}: 2/15 runes: decaying, serpentine


You were on level 1 of the Depths.
You worshipped Okawaru.
Okawaru was exalted by your worship.
You were not hungry.

You visited 9 branches of the dungeon, and saw 40 of its levels.
You also visited: Labyrinth.

You collected 5032 gold pieces.
You spent 3160 gold pieces at shops.

Inventory:

Hand Weapons
 a - a +2 arbalest of flaming
 i - a +5 executioner's axe of electrocution
 n - a +9 vampiric battleaxe (weapon)
 r - the +11 battleaxe of Ship {chop, rElec}
   (Okawaru gifted it to you on level 3 of the Elven Halls)

   It inflicts extra damage upon your enemies.
   It insulates you from electricity.
Missiles
 w - 6 silver javelins (quivered)
 U - 1317 bolts
Armour
 j - a +2 pair of boots of flying (worn)
 x - a +0 cloak of magic resistance (worn)
 A - the +7 pearl dragon scales "Numior" (worn) {+Blink rPois rN+ Regen+}
   (Okawaru gifted it to you on level 4 of the Snake Pit)

   It protects you from poison.
   It protects you from negative energy.
   It lets you blink.
   It increases your rate of regeneration.
 L - a +2 pair of gloves of strength (worn)
 M - a +1 large shield of cold resistance (worn)
Jewellery
 q - an uncursed amulet of guardian spirit
 v - a +5 ring of dexterity (right hand)
 F - the ring of the Two Names (left hand) {Wiz MR+}
   (You found it in a labyrinth)

   [ring of wizardry]

   It improves your spell success rate.
   It affects your resistance to hostile enchantments.
 W - the amulet of Greater Demons (around neck) {Reflect *Contam +Blink Str+7 SH+3}
   (You found it on level 6 of the Lair of Beasts)

   [amulet of reflection]

   It shields you and reflects attacks.
   It affects your strength (+7).
   It lets you blink.
   It causes magical contamination when unequipped.
   It affects your SH (+3).
Wands
 e - a wand of iceblast (4/15)
 m - a wand of acid (11/15)
 s - a wand of acid (7/15)
 z - a wand of acid (9/15)
 Q - a wand of iceblast (4/15)
 T - a wand of lightning (3/15)
Scrolls
 b - 6 scrolls of fog
 d - 3 scrolls of magic mapping
 f - 17 scrolls of remove curse
 g - a scroll of enchant weapon
 h - 3 scrolls of enchant armour
 p - a scroll of silence
 t - 9 scrolls of immolation
 y - 6 scrolls of fear
 I - 2 scrolls of summoning
 J - 8 scrolls of recharging
 K - 3 scrolls of identify
 S - 6 scrolls of holy word
Potions
 k - 3 potions of cancellation
 D - 3 potions of lignification
 E - 6 potions of flight
 G - 2 potions of magic
 H - a potion of might
 N - 4 potions of cure mutation
 P - 2 potions of invisibility
 V - 11 potions of curing
 Y - a potion of agility
 Z - 2 potions of ambrosia
Books
 u - a manual of Dodging
 R - a manual of Evocations
Miscellaneous
 l - a fan of gales
Comestibles
 c - 23 bread rations
 o - 9 chunks of flesh
 B - a slice of pizza
 C - 14 meat rations
 X - 2 royal jellies


   Skills:
 + Level 17.8 Fighting
 - Level 20.2 Axes
 - Level 0.6 Crossbows
 + Level 17.1 Armour
 + Level 15.0 Dodging
 - Level 2.4 Stealth
 - Level 15.0 Shields
 - Level 8.7 Spellcasting
 - Level 6.0 Charms
 - Level 9.8 Translocations
 - Level 9.6 Invocations
 * Level 13.2 Evocations


You had 26 spell levels left.
You knew the following spells:

 Your Spells              Type           Power        Failure   Level  Hunger
a - Repel Missiles        Chrm/Air       ##....       4%          2    None
b - Lesser Beckoning      Tloc           ####......   1%          3    ##.....
c - Song of Slaying       Chrm           ###.....     1%          2    None
d - Regeneration          Chrm/Necr      ##........   10%         3    ##.....
e - Passage of Golubria   Tloc           N/A          1%          4    ####...


Dungeon Overview and Level Annotations

Branches:
Dungeon (15/15)            Temple (1/1) D:6            Lair (6/6) D:10
  Swamp (4/4) Lair:3        Snake (4/4) Lair:3        Slime (0/5) Lair:5
    Orc (2/2) D:12            Elf (3/3) Orc:2        Vaults (4/5) D:14
  Crypt (0/3) Vaults:3     Depths (1/5) D:15

Altars:
Ashenzari
Cheibriados
Dithmenos
Elyvilon
Fedhas
Gozag
Hepliaklqana
Kikubaaqudgha
Makhleb
Nemelex Xobeh
Okawaru
Qazlal
Ru
Sif Muna
Trog
Uskayaw
Vehumet
Xom
Yredelemnul
Zin
The Shining One
Beogh

Shops:
D:7 :   D:8 *   D:9 !   D:13 %*   Orc:2 }(:[   Elf:2 ?   Snake:1 [?
Vaults:2 *

Annotations:
D:9 1 runed door


Innate Abilities, Weirdness & Mutations

You are under a permanent stasis effect.
You can dig through walls and to a lower floor.
Your four strong arms can wield two-handed weapons with a shield.
You have a pair of large antennae on your head. (SInv)
You are resistant to hostile enchantments. (MR+)


Message History

The fire dragon closely misses you. You block the fire dragon's attack.
The fire dragon completely misses you. The fire dragon misses you.
You block the fire dragon's attack. The rakshasa misses you.
You hit the fire dragon but do no damage.
The fire dragon is almost dead.
You slash the fire dragon! You slash the fire dragon!
You kill the fire dragon!
The fire dragon's corpse shimmers and vanishes!
You slice the fire dragon!!
You hit the fire dragon but do no damage.
The fire dragon is almost dead.
You block the fire dragon's attack. x3; The rakshasa completely misses you.
You slash the fire dragon!
The fire dragon is almost dead.
You closely miss the fire dragon.
The fire dragon is almost dead.
The fire dragon breathes flames at you. The blast of flame hits you!
You die...

#...# '...# ' #'### ..
).+ ## ## .### ..# .# #.
.'. ..###+#.#
#'###'#+###' ...#....#
#...(....'.. ...#....#
#.(R....# #..'....#
#@D#....# #..#....######
#..'[...#
####'####....###..#....#
#.....'....#.+..#....'..
#....##....#.#'##'######
####'#....##...# ..
#.#..#'#....# .. {
#+#..#......##...
#..#.......####


You could see a fire dragon and a rakshasa.

Vanquished Creatures
  Saint Roka (Snake:4)
  Bai Suzhen (Snake:4)
  Xtahua (Vaults:3)
  Vashnia (Snake:3)
  Asterion (Snake:1)
  3 deep elf blademasters (Elf:3)
  Frances (D:14)
  A sphinx (Vaults:3)
  3 thorn hunters
  Roxanne (Swamp:1)
  Gastronok (D:8)
  A storm dragon (Vaults:4)
  9 nagarajas
  5 fire giants
  An orc warlord (Vaults:4)
  10 vault wardens
  4 deep elf sorcerers (Elf:3)
  An iron dragon (Vaults:4)
  5 deep elf elementalists (Elf:3)
  Aizul (Snake:1)
  The ghost of aimeelou the Tortoise, a journeyman DsGl of Hepliaklqana (Snake:3)
  11 ironheart preservers
  12 stone giants
  3 very ugly things
  An entropy weaver (Vaults:3)
  2 deep elf demonologists (Elf:3)
  9 deep elf annihilators
  A minotaur (Lab)
  Snorg (Lair:3)
  5 deep elf death magi
  The ghost of Oozefury the Grappler, a journeyman TrMo of Ru (D:11)
  5 fire dragons
  A crystal guardian (Vaults:4)
  2 ettins
  11 vault guards
  5 deep elf high priests (Elf:3)
  5 yaktaur captains
  6 great orbs of eyes
  3 ice dragons
  20 hydras
  A rakshasa (Vaults:1)
  The ghost of cedor the Cleaver, a journeyman HOWr of Beogh (D:11)
  16 naga warriors
  5 catoblepae
  10 centaur warriors
  2 ghost crabs
  2 death knights
  35 dancing weapons
  A deep troll earth mage (Vaults:1)
  18 anacondas
  2 deep troll shamans
  11 death yaks (Lair:6)
  4 ogre magi
  11 alligators
  2 orc high priests
  12 shock serpents
  16 naga sharpshooters
  A storm dragon zombie (Vaults:2)
  Nergalle (D:10)
  3 hell knights (Depths:1)
  Sonja (Lair:1)
  27 deep elf knights
  6 salamander mystics
  The ghost of tv1990 the Cleaver, a novice FoMo (D:11)
  15 swamp dragons
  10 skeletal warriors
  5 unseen horrors
  6 flayed ghosts
  5 deep trolls
  A glowing orange brain (Vaults:4)
  14 ironbrand convokers
  3 wizards
  11 naga ritualists
  13 deep elf archers
  3 shambling mangroves (Swamp:3)
  7 hill giants
  A phantasmal warrior (Vaults:1)
  Pikel (D:6)
  4 lindwurms (Snake:4)
  13 orc knights
  An orb spider (shapeshifter) (Vaults:4)
  6 necromancers
  23 mana vipers
  6 harpies
  3 wolf spiders
  78 deep elf magi
  18 ugly things
  5 orc sorcerers
  4 manticores
  8 cyclopes
  A fire giant zombie (Vaults:2)
  A frost giant skeleton (Vaults:2)
  A stone giant skeleton (Depths:1)
  12 guardian serpents
  14 salamanders
  6 elephants (Lair:3)
  4 gargoyles
  45 black mambas
  A titan simulacrum (Depths:1)
  Psyche (D:8)
  10 vault sentinels
  25 naga magi
  3 centaur skeletons
  A spriggan zombie (Depths:1)
  6 freezing wraiths
  13 spiny frogs
  A spiny frog (shapeshifter) (Elf:3)
  A kobold demonologist (D:12)
  A small abomination (Vaults:2)
  2 rime drakes
  A yaktaur (shapeshifter) (Elf:3)
  18 yaktaurs
  A tengu conjurer (D:15)
  7 komodo dragons
  A troll (shapeshifter) (Vaults:4)
  44 hornets
  A hornet (shapeshifter) (D:13)
  A two-headed ogre (shapeshifter) (Vaults:2)
  4 trolls
  3 polar bears
  3 meliai (D:15)
  2 tengu simulacra
  12 blink frogs
  4 tyrant leeches
  Prince Ribbit (D:8)
  10 bog bodies
  4 two-headed ogres
  5 hippogriffs
  19 slime creatures
  2 dream sheep (shapeshifter) (D:15)
  A blink frog (shapeshifter) (Vaults:1)
  2 redbacks (Lab)
  A centaur simulacrum (D:14)
  2 air elementals
  A vampire (D:14)
  2 water elementals
  3 wyverns
  2 wraiths (Vaults:1)
  39 yaks
  26 spriggans
  16 humans (D:14)
  A basilisk (shapeshifter) (Vaults:3)
  4 basilisks
  A yak (shapeshifter) (D:15)
  3 fire elementals
  A golden eye (shapeshifter) (Vaults:4)
  21 vampire mosquitoes
  A steam dragon (Lair:4)
  9 insubstantial wisps
  4 mottled dragons
  A tengu zombie (Depths:1)
  40 nagas
  7 wargs
  18 swamp worms
  9 water moccasins
  4 porcupines
  A sky beast (D:15)
  11 swamp drakes
  3 ice beasts
  52 orc warriors
  3 eyes of draining
  A slave (D:6)
  A black bear (Lair:3)
  4 phantoms
  10 wolves
  A fire dragon simulacrum (Depths:1)
  2 necrophages
  19 ogres
  9 boggarts
  A human skeleton (Vaults:2)
  22 centaurs
  8 crocodiles
  Blork the orc (D:6)
  A big kobold (D:10)
  17 bullfrogs
  An ogre simulacrum (Vaults:1)
  5 earth elementals
  A wyvern skeleton (D:14)
  A scorpion (D:7)
  11 killer bees
  14 wights
  3 howler monkeys
  5 electric eels
  3 centaur zombies
  6 crimson imps
  2 bullfrog zombies
  A quasit (D:8)
  27 orc priests
  5 jellies
  4 bullfrog skeletons
  A gnoll shaman (D:8)
  6 hounds
  22 orc wizards
  5 iguanas
  7 worker ants
  2 hound skeletons
  2 worker ant zombies
  8 gnolls
  15 adders
  3 shadow imps
  4 oozes
  4 adder skeletons
  An adder zombie (D:5)
  9 worms
  3 dart slugs
  6 leopard geckos
  124 orcs
  A bat zombie (D:4)
  3 giant cockroaches
  9 goblins
  7 hobgoblins
  2 jackals (D:6)
  6 quokkas
  A ball python (D:3)
  10 bats
  7 frilled lizards
  5 kobolds
  A leopard gecko skeleton (D:4)
  A quokka skeleton (D:5)
  8 rats
  A rat zombie (D:4)
  5 briar patches (Swamp:3)
  A crawling corpse (Vaults:2)
  3 fungi
1670 creatures vanquished.

Vanquished Creatures (others)
  Nikola (Swamp:3)
  3 deep elf master archers (Elf:3)
  A deep elf annihilator (Elf:3)
  A hydra (Swamp:4)
  A centaur warrior (Vaults:2)
  A deep elf knight (Elf:2)
  3 deep elf archers
  A necromancer (Depths:1)
  A phantasmal warrior (Vaults:4)
  2 deep elf magi
  An orc knight (Orc:2)
  A cyclops (Vaults:2)
  2 naga magi (Snake:4)
  5 yaktaurs
  6 orc warriors
  9 centaurs
  A bullfrog (D:7)
  A scorpion (D:6)
  2 orc wizards (D:6)
  5 orcs
  A jackal (D:7)
  3 briar patches (Swamp:3)
  A bush (Lair:2)
  6 fungi
  14 plants
73 creatures vanquished.

Grand Total: 1743 creatures vanquished

Notes
Turn   | Place    | Note
-------+----------+-------------------------------------------
     0 | D:1      | tv1990 the Formicid Monk began the quest for the Orb.
     0 | D:1      | Reached XP level 1. HP: 18/18 MP: 1/1
   167 | D:1      | Reached XP level 2. HP: 24/24 MP: 2/2
   208 | D:1      | You fall through a shaft!
   372 | D:2      | Reached XP level 3. HP: 23/29 MP: 3/3
   488 | D:2      | Reached skill level 1 in Armour
  1112 | D:2      | Reached XP level 4. HP: 37/37 MP: 4/4
  1116 | D:2      | Reached skill level 4 in Axes
  1529 | D:3      | Reached XP level 5. HP: 24/42 MP: 5/5
  1790 | D:3      | Noticed an angel
  1796 | D:3      | Found a glowing silver altar of Zin.
  1929 | D:3      | Reached skill level 5 in Axes
  1931 | D:3      | Reached XP level 6. HP: 39/48 MP: 6/6
  1944 | D:3      | HP: 1/48 [orc priest/divine providence (13)]
  2490 | D:3      | Found a shimmering altar of Xom.
  2949 | D:3      | Found a shadowy altar of Dithmenos.
  3719 | D:4      | Learned a level 2 spell: Repel Missiles
  3724 | D:4      | Noticed an ogre
  3755 | D:4      | Killed an ogre
  3755 | D:4      | Reached XP level 7. HP: 13/55 MP: 7/7
  4005 | D:4      | Found an ancient bone altar of Kikubaaqudgha.
  4223 | D:4      | Reached skill level 6 in Axes
  4402 | D:4      | Reached skill level 5 in Fighting
  4452 | D:5      | Entered Level 5 of the Dungeon
  4984 | D:5      | Reached XP level 8. HP: 49/62 MP: 8/8
  5248 | D:5      | Found a shattered altar of Ashenzari.
  5507 | D:5      | Reached skill level 7 in Axes
  5660 | D:5      | Found a bloodstained altar of Trog.
  5837 | D:6      | Found a shimmering altar of Xom.
  5870 | D:6      | Found a staircase to the Ecumenical Temple.
  5879 | Temple   | Entered the Ecumenical Temple
  6115 | D:6      | You fall through a shaft for 3 floors!
  6115 | D:9      | Found an iron altar of Okawaru.
  6118 | D:9      | Became a worshipper of Warmaster Okawaru
  6118 | D:9      | Reached * piety under Okawaru
  6118 | D:9      | Reached ** piety under Okawaru
  6340 | D:9      | Noticed a two-headed ogre
  6393 | D:8      | Noticed a wyvern
  6431 | D:8      | Killed a wyvern
  6431 | D:8      | Reached skill level 5 in Armour
  6840 | D:7      | Reached XP level 9. HP: 57/69 MP: 10/12
  6867 | D:7      | Found Ynibey's Book Boutique.
  6898 | D:7      | Reached skill level 5 in Invocations
  6923 | D:7      | Found a sparkling altar of Nemelex Xobeh.
  7082 | D:6      | Noticed Pikel
  7115 | D:6      | Killed Pikel
  7206 | D:6      | Reached *** piety under Okawaru
  7599 | D:6      | Noticed Blork the orc
  7621 | D:6      | Killed Blork the orc
  7979 | D:7      | Reached XP level 10. HP: 61/75 MP: 17/17
  8072 | D:7      | Reached skill level 1 in Shields
  8088 | D:7      | Reached skill level 8 in Axes
  8212 | D:7      | Found a burning altar of Makhleb.
  8213 | D:7      | Found a hazy altar of Hepliaklqana.
  8215 | D:7      | Found a hide-covered altar of Uskayaw.
  8762 | D:8      | Found a radiant altar of Vehumet.
  8764 | D:8      | You fall through a shaft for 3 floors!
  8764 | D:11     | Noticed a cyclops
  8764 | D:11     | Noticed cedor's ghost (journeyman HOWr)
  8767 | D:11     | You fall through a shaft for 3 floors!
  8781 | D:14     | Noticed a centaur warrior
  8799 | D:14     | Killed a centaur warrior
  8799 | D:14     | Reached **** piety under Okawaru
  8871 | D:14     | Noticed a hill giant
  8889 | D:14     | Killed a hill giant
  8889 | D:14     | Reached skill level 9 in Axes
  9066 | D:14     | Noticed a hill giant
  9077 | D:14     | Killed a hill giant
  9196 | D:14     | Gained mutation: You are resistant to hostile enchantments. (MR+) [potion of beneficial mutation]
  9346 | D:14     | Noticed a gargoyle
  9356 | D:14     | Killed a gargoyle
  9356 | D:14     | Reached skill level 10 in Axes
  9356 | D:14     | Reached XP level 11. HP: 75/85 MP: 15/18
  9363 | D:14     | Noticed a hill giant
  9416 | D:13     | Found Komarr's Food Emporium.
  9417 | D:13     | Noticed a hill giant
  9430 | D:13     | Killed a hill giant
  9470 | D:13     | Noticed a death knight
  9486 | D:12     | Noticed a manticore
  9496 | D:12     | Killed a manticore
  9653 | D:12     | Found a labyrinth entrance.
  9676 | Lab      | Entered a labyrinth
  9929 | Lab      | Reached ***** piety under Okawaru
  9992 | Lab      | Noticed a minotaur
 10005 | Lab      | Killed a minotaur
 10005 | Lab      | Reached skill level 11 in Axes
 10017 | Lab      | Identified Nuloco's Collected Works on Dislocation and Intoxication
 10018 | Lab      | Got a slimy marble ring
 10019 | Lab      | Got a fine trident
 10023 | D:12     | Identified the ring of the Two Names {Wiz MR+} (You found it in a labyrinth)
 10025 | D:12     | Identified the +1 trident of Putrescence {protect, Dex+2} (You found it in a labyrinth)
 10058 | D:12     | Noticed a hill giant
 10061 | D:12     | Noticed an unseen horror
 10066 | D:12     | Killed a hill giant
 10074 | D:12     | Killed an unseen horror
 10074 | D:12     | Reached skill level 5 in Shields
 10413 | D:11     | Noticed Oozefury's ghost (journeyman TrMo)
 10424 | D:11     | Noticed tv1990's ghost (novice FoMo)
 10432 | D:10     | Entered Level 10 of the Dungeon
 10915 | D:10     | Noticed an unseen horror
 10945 | D:10     | Killed an unseen horror
 10945 | D:10     | Received a gift from Okawaru
 10945 | D:10     | Reached XP level 12. HP: 71/94 MP: 19/19
 10980 | D:10     | Found a staircase to the Lair.
 11144 | D:10     | Learned a level 3 spell: Lesser Beckoning
 11377 | D:9      | Got a polished mace
 11378 | D:9      | Identified the +4 mace of the Saviour {drain, *Corrode Dex+10} (You found it on level 9 of the Dungeon)
 11527 | D:8      | Found a snail-covered altar of Cheibriados.
 11554 | D:8      | Found Pobuikiph's General Store.
 11558 | D:8      | Bought a potion of might for 52 gold pieces
 11558 | D:8      | Bought a scroll of holy word for 97 gold pieces
 11572 | D:8      | Noticed Prince Ribbit
 11586 | D:8      | Killed Prince Ribbit
 11935 | D:8      | Noticed Gastronok
 11954 | D:8      | Killed Gastronok
 12004 | D:8      | Noticed Psyche
 12011 | D:8      | Killed Psyche
 12145 | D:9      | Found Dirraef's Distillery.
 12154 | D:9      | Bought a potion of curing for 45 gold pieces
 12154 | D:9      | Bought a potion of curing for 45 gold pieces
 12154 | D:9      | Bought a potion of flight for 45 gold pieces
 12154 | D:9      | Bought a potion of lignification for 45 gold pieces
 12154 | D:9      | Bought 2 potions of curing for 90 gold pieces
 12154 | D:9      | Bought a potion of resistance for 150 gold pieces
 12254 | D:9      | Noticed a sixfirhy
 12255 | D:9      | Found a runed door.
 12430 | Lair:1   | Entered Level 1 of the Lair of Beasts
 12430 | Lair:1   | Noticed Nergalle
 12442 | D:10     | Killed Nergalle
 12742 | Lair:1   | Reached skill level 10 in Fighting
 12872 | Lair:1   | Learned a level 2 spell: Song of Slaying
 12876 | Lair:1   | Learned a level 3 spell: Regeneration
 12931 | Lair:1   | Noticed Sonja
 13241 | Lair:1   | You fall through a shaft!
 13275 | Lair:2   | Reached skill level 12 in Axes
 13789 | Lair:2   | Reached XP level 13. HP: 101/103 MP: 20/20
 14009 | Lair:2   | Received a gift from Okawaru
 14277 | Lair:2   | Noticed an eight-headed hydra
 14660 | Lair:3   | Found a white marble altar of Elyvilon.
 14700 | Lair:3   | Noticed a catoblepas
 14731 | Lair:3   | Killed a catoblepas
 14758 | Lair:3   | Found a staircase to the Snake Pit.
 14806 | Lair:3   | Reached skill level 10 in Armour
 15073 | Lair:3   | Identified a scroll of acquirement
 15159 | Lair:3   | Found a staircase to the Swamp.
 15173 | Lair:3   | Reached skill level 13 in Axes
 15268 | Lair:3   | Noticed Snorg
 15280 | Lair:3   | Killed Snorg
 15322 | Lair:3   | Noticed a four-headed hydra
 15336 | Lair:3   | Killed a four-headed hydra
 15458 | Lair:3   | Reached skill level 5 in Dodging
 16642 | Lair:5   | Noticed a six-headed hydra
 16643 | Lair:5   | Noticed a four-headed hydra
 16672 | Lair:5   | Killed a six-headed hydra
 16676 | Lair:5   | Killed a four-headed hydra
 16719 | Lair:5   | Reached XP level 14. HP: 109/113 MP: 21/21
 17037 | Lair:5   | Found a staircase to the Slime Pits.
 17295 | Lair:6   | Entered Level 6 of the Lair of Beasts
 17382 | Lair:6   | Got an ebony hand axe
 17383 | Lair:6   | Identified the cursed +2 hand axe of Muhompoa {freeze, Fragile Dex+4 SInv} (You found it on level 6 of the Lair of Beasts)
 17558 | Lair:6   | Reached ****** piety under Okawaru
 17753 | Lair:6   | Reached skill level 14 in Axes
 18159 | Lair:6   | Received a gift from Okawaru
 18390 | Lair:6   | Got a serpentine zirconium amulet
 18394 | Lair:6   | Got a slimy glass ring
 18705 | Lair:6   | Identified the ring of Jiom {Ice Dex+3} (You found it on level 6 of the Lair of Beasts)
 18710 | Lair:6   | Identified the amulet of Greater Demons {Reflect *Contam +Blink Str+7 SH+3} (You found it on level 6 of the Lair of Beasts)
 18978 | Lair:1   | Killed Sonja
 19370 | D:11     | Killed cedor's ghost
 19465 | D:11     | Reached XP level 15. HP: 102/121 MP: 22/22
 19719 | D:11     | Killed Oozefury's ghost
 19719 | D:11     | Reached skill level 10 in Shields
 19731 | D:11     | Killed tv1990's ghost
 19936 | D:12     | Found a staircase to the Orcish Mines.
 20412 | Orc:1    | Entered Level 1 of the Orcish Mines
 20499 | Orc:2    | Entered Level 2 of the Orcish Mines
 20499 | Orc:2    | Found a staircase to the Elven Halls.
 20516 | Orc:2    | Found a roughly hewn altar of Beogh.
 20907 | Orc:2    | Found a roughly hewn altar of Beogh.
 21367 | Orc:2    | Found Fojailae's Antique Weapon Shoppe.
 21367 | Orc:2    | Found Eruvum's Book Boutique.
 21370 | Orc:2    | Found Iniuthra's Antique Armour Shop.
 21372 | Orc:2    | Found Buzxucuts's Gadget Emporium.
 21437 | Orc:2    | Received a gift from Okawaru
 22042 | Orc:2    | Bought a book of Spatial Translocations for 845 gold pieces
 22047 | Orc:2    | Learned a level 4 spell: Passage of Golubria
 22556 | D:13     | Found Gozag's Platinum Reserve.
 22556 | D:13     | Found an opulent altar of Gozag.
 22804 | D:13     | Received a gift from Okawaru
 22805 | D:13     | Got a twisted scale mail {god gift}
 22816 | D:13     | Identified the +0 scale mail "Qyaguff" {Int+3} (Okawaru gifted it to you on level 13 of the Dungeon)
 22937 | D:14     | Found a gate to the Vaults.
 22958 | D:14     | Reached XP level 16. HP: 100/127 MP: 23/23
 23160 | D:14     | Noticed Frances
 23172 | D:14     | Killed Frances
 23701 | D:14     | You fall through a shaft!
 23701 | D:15     | Entered Level 15 of the Dungeon
 23745 | D:15     | Found a staircase to the Depths.
 23764 | D:15     | Received a gift from Okawaru
 24214 | D:15     | Reached skill level 10 in Dodging
 24225 | D:15     | Reached skill level 15 in Shields
 24358 | D:15     | Found a shattered altar of Ashenzari.
 24450 | D:15     | Reached skill level 1 in Translocations
 24488 | D:15     | Reached skill level 1 in Spellcasting
 24488 | D:15     | Reached skill level 1 in Charms
 24887 | Swamp:1  | Entered Level 1 of the Swamp
 24941 | Swamp:1  | Noticed Roxanne
 25008 | Swamp:1  | Killed Roxanne
 25009 | Swamp:1  | Identified Roxanne's Volume of Transmigration (You took it off Roxanne on level 1 of the Swamp)
 25112 | Swamp:1  | Received a gift from Okawaru
 26344 | Swamp:2  | Reached XP level 17. HP: 122/133 MP: 24/24
 26432 | Swamp:2  | Reached skill level 5 in Spellcasting
 26922 | Swamp:2  | Reached skill level 5 in Charms
 27302 | Swamp:3  | Noticed a thorn hunter
 27326 | Swamp:3  | Reached skill level 5 in Translocations
 27459 | Swamp:3  | Killed a thorn hunter
 27694 | Swamp:3  | Received a gift from Okawaru
 27785 | Swamp:3  | Noticed Nikola
 27789 | Swamp:3  | Noticed a thorn hunter
 27804 | Swamp:3  | Killed a thorn hunter
 27813 | Swamp:3  | Killed Nikola
 28524 | Swamp:4  | Entered Level 4 of the Swamp
 28535 | Swamp:4  | Received a gift from Okawaru
 28539 | Swamp:4  | Got a fine hand axe {god gift}
 28540 | Swamp:4  | Identified the +4 hand axe "Oke Gyog" {chop, rPois Int+6 Dex-2} (Okawaru gifted it to you on level 4 of the Swamp)
 28900 | Swamp:4  | Noticed a thorn hunter
 28938 | Swamp:4  | Killed a thorn hunter
 29176 | Swamp:4  | Received a gift from Okawaru
 29249 | Swamp:4  | Reached XP level 18. HP: 107/140 MP: 30/30
 30545 | Swamp:4  | Received a gift from Okawaru
 30583 | Swamp:4  | Got a decaying rune of Zot
 30847 | Snake:1  | Entered Level 1 of the Snake Pit
 31015 | Snake:1  | Noticed Asterion
 31027 | Snake:1  | Killed Asterion
 31170 | Snake:1  | Found Viahaclo's Magic Scroll Emporium.
 31178 | Snake:1  | Bought a scroll of magic mapping for 56 gold pieces
 31178 | Snake:1  | Bought a scroll of summoning for 152 gold pieces
 31247 | Snake:1  | Reached skill level 15 in Axes
 31378 | Snake:1  | Found Leuss's Antique Armour Boutique.
 31386 | Snake:1  | Bought a pair of embroidered gloves for 294 gold pieces
 32628 | Snake:2  | Noticed Aizul
 32667 | Snake:1  | Killed Aizul
 32974 | Snake:2  | Received a gift from Okawaru
 33186 | Snake:2  | Reached XP level 19. HP: 141/148 MP: 31/31
 33512 | Snake:3  | Noticed Vashnia
 33515 | Snake:3  | Noticed aimeelou's ghost (journeyman DsGl)
 33533 | Snake:3  | Killed aimeelou's ghost
 33546 | Snake:3  | Killed Vashnia
 33575 | Snake:3  | Received a gift from Okawaru
 33852 | Snake:3  | Got a steaming golden ring
 33854 | Snake:3  | Identified the ring of Vounk {Wiz MP+9} (You found it on level 3 of the Snake Pit)
 34052 | Snake:3  | Reached skill level 16 in Axes
 35466 | Snake:3  | Received a gift from Okawaru
 35467 | Snake:3  | Got a crystal hand axe {god gift}
 35468 | Snake:3  | Identified the +6 hand axe "Caz Sou" {antimagic, rF- rC+ Stlth+} (Okawaru gifted it to you on level 3 of the Snake Pit)
 35525 | Snake:4  | Entered Level 4 of the Snake Pit
 35577 | Snake:4  | Noticed Saint Roka
 35871 | Snake:4  | Killed Saint Roka
 36135 | Snake:4  | Noticed Bai Suzhen
 36152 | Snake:4  | Killed Bai Suzhen
 36374 | Snake:4  | Received a gift from Okawaru
 36383 | Snake:4  | Got ancient pearl dragon scales {god gift}
 36384 | Snake:4  | Identified the +7 pearl dragon scales "Numior" {+Blink rPois rN+ Regen+} (Okawaru gifted it to you on level 4 of the Snake Pit)
 36520 | Snake:4  | Reached XP level 20. HP: 142/158 MP: 18/32
 36649 | Snake:4  | Reached skill level 17 in Axes
 36902 | Snake:4  | Got a serpentine rune of Zot
 37108 | Snake:1  | Received a gift from Okawaru
 37279 | Elf:1    | Entered Level 1 of the Elven Halls
 37737 | Elf:1    | Reached XP level 21. HP: 167/167 MP: 33/33
 37791 | Elf:1    | Reached skill level 18 in Axes
 37906 | Elf:1    | Reached skill level 15 in Fighting
 37970 | Elf:1    | Received a gift from Okawaru
 38359 | Elf:2    | Found a runed gate.
 38459 | Elf:2    | Found Hanagil's Magic Scroll Boutique.
 38467 | Elf:2    | Bought a scroll of recharging for 104 gold pieces
 38467 | Elf:2    | Bought a scroll of acquirement for 572 gold pieces
 38577 | Elf:2    | Found a runed gate.
 38578 | Elf:2    | Found a runed gate.
 39146 | Elf:3    | Entered Level 3 of the Elven Halls
 39671 | Elf:3    | Received a gift from Okawaru
 39672 | Elf:3    | Got a crude battleaxe {god gift}
 39673 | Elf:3    | Identified the +11 battleaxe of Ship {chop, rElec} (Okawaru gifted it to you on level 3 of the Elven Halls)
 39768 | Elf:3    | Reached skill level 19 in Axes
 39768 | Elf:3    | Reached skill level 15 in Armour
 39775 | Elf:3    | Reached XP level 22. HP: 158/177 MP: 26/34
 39847 | Elf:3    | Received a gift from Okawaru
 40296 | Elf:2    | Bought a scroll of identify for 22 gold pieces
 40296 | Elf:2    | Bought a scroll of identify for 22 gold pieces
 40296 | Elf:2    | Bought a scroll of identify for 22 gold pieces
 40296 | Elf:2    | Bought a scroll of identify for 22 gold pieces
 40470 | Vaults:1 | Entered Level 1 of the Vaults
 40654 | Vaults:1 | Found a white marble altar of Elyvilon.
 41759 | Vaults:2 | Received a gift from Okawaru
 41772 | Vaults:2 | Got a faintly glowing hand axe {god gift}
 41773 | Vaults:2 | Identified the +6 hand axe of Truncation {chop, rPois Dex+3 SInv} (Okawaru gifted it to you on level 2 of the Vaults)
 41839 | Vaults:2 | Reached skill level 20 in Axes
 41902 | Vaults:2 | Reached XP level 23. HP: 186/186 MP: 35/35
 42342 | Vaults:2 | Found Meteor Gilu's Assorted Antiques.
 42352 | Vaults:2 | Bought a papyrus manual for 480 gold pieces
 42405 | Vaults:2 | Reached skill level 1 in Evocations
 42950 | Vaults:3 | Reached skill level 5 in Evocations
 43132 | Vaults:3 | Noticed Xtahua
 43148 | Vaults:3 | Killed Xtahua
 43251 | Vaults:3 | Received a gift from Okawaru
 43565 | Vaults:3 | Found a staircase to the Crypt.
 43565 | Vaults:3 | Found a basalt altar of Yredelemnul.
 43566 | Vaults:3 | Found an ancient bone altar of Kikubaaqudgha.
 44032 | Vaults:4 | Reached skill level 10 in Evocations
 44050 | Vaults:4 | Reached XP level 24. HP: 195/195 MP: 35/35
 44266 | Vaults:4 | Got a crude chain mail
 44267 | Vaults:4 | Identified the +6 chain mail of Royalty {rN++} (You found it on level 4 of the Vaults)
 44916 | Vaults:4 | Received a gift from Okawaru
 44985 | Vaults:4 | Received a gift from Okawaru
 45723 | Depths:1 | Entered Level 1 of the Depths
 45999 | Depths:1 | Reached skill level 15 in Dodging
 46009 | Depths:1 | HP: 7/197 [fire dragon (illusionary) (4)]
 46026 | Depths:1 | Killed from afar by a fire dragon (illusionary)

Skill      XL: |  1  2  3  4  5  6  7  8  9 10 11 12 13 14 15 16 17 18 19 20 21 22 23 24 |
---------------+-------------------------------------------------------------------------+-----
Armour         | 1 2 3 4 5 7 8 9 10 11 12 13 14 15 16 17 | 17.1
Axes           | 4 5 6 7 10 11 12 13 14 15 16 17 19 20 | 20.2
Fighting       | 4 5 6 7 8 10 11 12 13 14 15 16 17 | 17.8
Invocations    | 4 9 |  9.6
Shields        | 3 8 9 13 15 | 15.0
Dodging        | 3 5 7 9 10 11 12 13 14 15 | 15.0
Translocations | 4 8 9 |  9.8
Spellcasting   | 4 8 |  8.7
Charms         | 4 6 |  6.0
Evocations     | 10 13 | 13.2
Crossbows      | |  0.6
Stealth        | |  2.4

Action                   |  1- 3 |  4- 6 |  7- 9 | 10-12 | 13-15 | 16-18 | 19-21 | 22-24 || total
-------------------------+-------+-------+-------+-------+-------+-------+-------+-------++-------
Melee: Hand axe          |   112 |   288 |   572 |   116 |       |       |       |       ||  1088
       Punch             |       |       |     1 |       |       |       |       |       ||     1
       Battleaxe         |       |       |       |   524 |  1063 |  1230 |  1273 |  1187 ||  5277
       Mace              |       |       |       |       |    74 |   107 |       |       ||   181
 Fire: Arbalest          |       |       |       |     2 |     1 |       |       |       ||     3
Throw: Javelin           |       |       |       |       |    29 |    18 |     3 |       ||    50
 Cast: Lesser Beckoning  |       |       |       |       |       |    19 |     7 |     7 ||    33
       Repel Missiles    |       |       |       |       |       |     6 |     3 |       ||     9
       Song of Slaying   |       |       |       |       |       |     5 |    12 |     9 ||    26
       Passage of Golubr |       |       |       |       |       |     1 |     2 |     1 ||     4
Invok: Heroism           |       |       |     4 |    15 |    12 |     9 |     8 |     3 ||    51
       Finesse           |       |       |       |     1 |     2 |     1 |     5 |     4 ||    13
 Abil: Dig               |       |     2 |     7 |    19 |    10 |     4 |     7 |     2 ||    51
       Shaft Self        |       |       |     1 |     2 |       |     1 |       |       ||     4
Evoke: Wand              |       |       |       |     3 |     1 |    10 |     2 |     2 ||    18
  Use: Scroll            |       |     7 |     2 |    17 |    15 |    10 |    17 |     9 ||    77
       Potion            |       |     1 |     1 |    10 |     1 |     7 |     1 |    10 ||    31
 Stab: Sleeping          |     3 |       |       |       |       |       |     3 |       ||     6
       Invisible         |       |       |       |     2 |       |       |       |       ||     2
       Petrified         |       |       |       |       |     7 |       |       |       ||     7
       Petrifying        |       |       |       |       |     1 |       |       |       ||     1
       Confused          |       |       |       |       |       |     6 |       |       ||     6
       Distracted        |       |       |       |       |       |       |     1 |     1 ||     2
  Eat: Chunk             |     1 |     8 |    12 |    15 |    30 |    26 |    20 |    18 ||   130
       Royal jelly       |       |       |     2 |     1 |       |     2 |       |       ||     5
       Pizza             |       |       |       |     1 |       |     2 |       |     1 ||     4
       Meat ration       |       |       |       |     1 |       |       |       |       ||     1
       Beef jerky        |       |       |       |       |       |     4 |     6 |     3 ||    13
Armor: Ring mail         |    40 |    56 |       |       |       |       |       |       ||    96
       Robe              |     1 |       |       |       |       |       |       |       ||     1
       Chain mail        |       |    16 |   253 |   127 |       |       |       |       ||   396
       Plate armour      |       |       |       |   155 |   465 |   380 |    73 |       ||  1073
       Skin              |       |       |       |     5 |       |       |       |       ||     5
       Pearl dragon scal |       |       |       |       |       |       |   137 |   165 ||   302
Dodge: Dodged            |    82 |   155 |   257 |   206 |   423 |   517 |   404 |   327 ||  2371
       Deflected         |       |       |       |       |       |     9 |     4 |       ||    13
Block: Buckler           |       |       |     4 |    37 |       |       |       |       ||    41
       Shield            |       |       |       |   230 |   779 |    16 |       |       ||  1025
       Reflection        |       |       |       |       |   111 |    75 |   144 |   128 ||   458
       Large shield      |       |       |       |       |       |  1736 |  1207 |   974 ||  3917

Table legend:
 A = Turns spent in this place as a percentage of turns spent in the entire game.
 B = Non-inter-level travel turns spent in this place as a percentage of non-inter-level travel turns spent in the entire game.
 C = Inter-level travel turns spent in this place as a percentage of turns spent in this place.
 D = Turns resting spent in this place as a percentage of non-inter-level travel turns spent in this place.
 E = Turns spent auto-exploring this place as a percentage of non-inter-level travel turns spent in this place.
 F = Non-inter-level travel turns spent in this place divided by the number of levels of this place that you've seen.
                   A       B       C       D       E      F
               +-------+-------+-------+-------+-------+----------------------
         Total | 100.0 | 100.0 |   0.6 |   2.5 |  13.0 | 368.0
       Dungeon |  32.5 |  32.5 |   0.7 |   3.0 |  13.3 | 326.8
        Temple |   0.2 |   0.2 |   0.0 |   0.0 |  26.7 |  30.0
          Lair |  12.1 |  12.1 |   0.4 |   2.8 |  12.2 | 305.3
         Swamp |  11.0 |  11.0 |   0.5 |   5.5 |  10.0 | 416.5
     Snake Pit |  14.2 |  14.2 |   0.6 |   2.5 |  10.6 | 534.0
  Orcish Mines |   3.2 |   3.2 |   1.6 |   2.7 |  18.2 | 239.0
   Elven Halls |   9.2 |   9.2 |   0.3 |   0.6 |  16.5 | 463.0
        Vaults |  15.0 |  15.0 |   0.5 |   0.3 |  15.2 | 566.0
        Depths |   1.1 |   1.2 |   0.0 |   0.0 |  14.9 | 174.0
     Labyrinth |   1.4 |   1.5 |   0.0 |   2.3 |   0.0 | 219.0
               +-------+-------+-------+-------+-------+----------------------

Table legend:
 A = Kills in this place as a percentage of kills in entire the game.
 B = Kills by you in this place as a percentage of kills by you in the entire game.
 C = Kills by friends in this place as a percentage of kills by friends in the entire game.
 D = Other kills in this place as a percentage of other kills in the entire game.
 E = Experience gained in this place as a percentage of experience gained in the entire game.
 F = Experience gained in this place divided by the number of levels of this place that you have seen.
                   A       B       C       D       E      F
               +-------+-------+-------+-------+-------+----------------------
         Total | 100.0 | 100.0 |  -nan | 100.0 | 100.0 | 18565.4
       Dungeon |  28.9 |  29.6 |  -nan |   0.0 |   9.2 | 4681.5
          Lair |   8.5 |   8.7 |  -nan |   0.0 |   6.3 | 7933.2
         Swamp |  11.8 |  12.0 |  -nan |   5.0 |  12.2 | 23282.5
     Snake Pit |  15.4 |  15.6 |  -nan |   5.0 |  22.4 | 42700.0
  Orcish Mines |   5.5 |   4.8 |  -nan |  35.0 |   1.5 | 5675.0
   Elven Halls |  10.8 |  10.5 |  -nan |  22.5 |  18.3 | 46356.0
        Vaults |  17.9 |  17.6 |  -nan |  30.0 |  28.2 | 53729.5
        Depths |   1.1 |   1.1 |  -nan |   2.5 |   1.6 | 12486.0
     Labyrinth |   0.2 |   0.2 |  -nan |   0.0 |   0.2 | 1607.0
               +-------+-------+-------+-------+-------+----------------------

Vault maps used:
D:1:      mrwooster_arrival_arrow
D:3:      grunt_temple_overflow_order_and_chaos_1, grunt_dithmenos_smoke
D:4:      lemuel_zombie_altar_kikubaaqudgha, first_bread
D:5:      marbit_many_paths, overflow_temple_1_default
D:6:      minmay_misc_feat_nine_boxes, xom_confusion_cloud, uniq_pikel,
          uniq_blork_the_orc
D:7:      grunt_temple_overflow_open, nemelex_xobeh_ov_fountains_minmay,
          serial_shops, nicolae_shop_waterfront, lemuel_flamethrower_2
D:8:      kennysheep_mini_moat, lemuel_doored_altar, serial_shops, shop,
          uniq_prince_ribbit1, uniq_psyche, uniq_gastronok
D:9:      cheibrodos_shockbox, okawaru_gym_becter, serial_shops, shop
D:10:     erik_lair_orcish_takeover
D:12:     hiddenorc2_lemuel, lab_entry_generic
D:13:     special_room, serial_shops, shop, nicolae_gozag_zags_fifth_avenue
D:14:     david_vaults_3, the_bakery, hive_lemuel, uniq_frances
D:15:     hangedman_depths_entry_try_elsewhere_first, evilmike_ruin_ashenzari
Temple:   compressed_dpeg_triangle_lava_temple
Lair:1:   uniq_sonja, uniq_nergalle
Lair:3:   swamp_mist_pool, guppyfry_snake_entry_island, basic_altar,
          forest_entry_grove, grunt_megastairs_3, uniq_snorg
Lair:4:   minivault_23
Lair:5:   slime_dummy, cheibrodos_lair_caveside_slide
Lair:6:   evilmike_catoblepas_cave, grunt_forest_stairs_basic,
          serial_bayou_shore_a
Swamp:1:  evilmike_swamp_ruin_house_1, uniq_roxanne
Swamp:2:  nicolae_swamp_round_clearing
Swamp:3:  serial_swamp_ruin, evilmike_swamp_ruin_house_4,
          evilmike_swamp_ruin_house_6, evilmike_swamp_ruin_house_5, swamp_pool3,
          uniq_nikola
Swamp:4:  swamp_alternative, infiniplex_staircase_pool
Snake:1:  serial_shops, shop, shop, uniq_asterion
Snake:2:  spider_trap, uniq_aizul
Snake:3:  uniq_vashnia
Snake:4:  snake_pit_salamanders_mu, special_room, serial_bayou_shore_b,
          uniq_bai_suzhen, uniq_saint_roka
Orc:2:    st_orc_rangers, basic_altar, mines2_david
Elf:1:    elf_arrival_002, serial_glass, glass_columns_a, glass_columns_a,
          hangedman_elven_crosses_minicolossus, spider_trap
Elf:2:    serial_shops, shop
Elf:3:    minmay_elf_hall_furrowed, basic_stair_grate_trap
Vaults:1: vaults_dpeg_doors, st_squares, ontoclasm_vaults_idyll,
          hangedman_vaults_hat, nicolae_vaults_diagonal_hallway_6,
          nicolae_vaults_diagonal_hallway_9, v_misc_28,
          nicolae_vaults_yaktaur_gun_rack, ontoclasm_vaults_idyll, basic_altar
Vaults:2: vaults_room_ringed_pool, v_misc_5, ontoclasm_vaults_spin,
          hangedman_vaults_stagger, vaults_room_grid, v_misc_24,
          vaults_room_mumra_shop_pool, grunt_vaults_funnel,
          ontoclasm_vaults_ligature, vaults_mumra_lcd, dpeg_vaults_monster_box,
          ontoclasm_vaults_gallery, nicolae_vaults_specimen_jars
Vaults:3: v_misc_13, vaults_mumra_minichess, nicolae_vaults_back_hallway,
          v_alt_pattern_6, minmay_crypt_entry_necro_gods,
          nicolae_vaults_circle_grid_a, stair_cage_open,
          nicolae_vaults_mini_display_case, vaults_room_door_ring,
          ontoclasm_vaults_loading_screen, ontoclasm_vaults_pinch,
          grunt_vaults_diagonal, vaults_room_door_hall,
          nicolae_vaults_little_squares_4, uniq_xtahua
Vaults:4: vaults_room_door_hall, vaults_mumra_chevron, st_greater_box_1,
          nicolae_vaults_circle_grid_b, hangedman_vaults_nails,
          grunt_vaults_swirl, nicolae_vaults_little_squares_3, v_misc_11,
          vaults_room_semicircle, ontoclasm_vaults_gateway, v_misc_2
Depths:1: pf_hell_entry_great_geh, corexii_leaking_fountain, enter_trove_1,
          dk_noncrumbling_4, minmay_protected_statue
Lab:      labyrinth_spiral, nicolae_lab_blocks, labyrinth_skeletal_remains,
          nicolae_lab_swirl, nicolae_lab_statue, nicolae_lab_x
